 Dungeon Crawl Stone Soup version 0.20.1-1-g8b1a95d (webtiles) character file.

17370 McKennaii the Destroyer (level 12, -1/89 HPs)
             Began as a Red Draconian Conjurer on July 30, 2017.
             Was an Elder of Vehumet.
             Slain by a manticore (22 damage)
             ... on level 11 of the Dungeon.
             The game lasted 00:52:46 (19023 turns).

McKennaii the Destroyer (Red Draconian Conjurer)   Turns: 19023, Time: 00:52:48

Health: -1/89      AC: 12    Str: 12    XL:     12   Next: 18%
Magic:  4/27       EV: 21    Int: 20    God:    Vehumet [****..]
Gold:   693        SH:  0    Dex: 11    Spells: 23/34 levels left

rFire    + + .     SeeInvis .   E - staff of fire
rCold    + . .     Gourm    .   (no shield)
rNeg     . . .     Faith    .   (armour unavailable)
rPois    .         Spirit   .   (helmet restricted)
rElec    .         Reflect  .   d - +2 cloak {MR+}
rCorr    .         Harm     .   (no gloves)
MR       +....                  P - +0 pair of boots
Stlth    +++.......             (no amulet)
Regen    0.3/turn               l - ring of protection from cold
MPRegen  0.2/turn               x - +6 ring of evasion

@: barbed spikes
A: breathe fire, unfitting armour, fire resistance 1, cold-blooded, AC +8
a: Breathe Fire, Renounce Religion


You were on level 11 of the Dungeon.
You worshipped Vehumet.
Vehumet was greatly pleased with you.
You were near starving.

You visited 2 branches of the dungeon, and saw 12 of its levels.
You also visited: Ossuary.

You collected 693 gold pieces.

Inventory:

Armour
 d - a +2 cloak of magic resistance (worn)
 P - a +0 pair of boots (worn)
 Q - a +0 buckler
Magical Staves
 E - an uncursed staff of fire (weapon)
Jewellery
 l - a ring of protection from cold (left hand)
 q - an uncursed ring of poison resistance
 x - a +6 ring of evasion (right hand)
 R - an uncursed amulet of magic regeneration {unknown}
Wands
 F - a wand of flame (31/48)
 H - a wand of polymorph (13/24)
 J - a wand of digging (15/24)
 N - a wand of lightning (5/15)
 S - a wand of disintegration (6/24)
 U - a wand of iceblast (8/15)
Scrolls
 c - 2 scrolls of identify
 e - 6 scrolls of remove curse
 f - 3 scrolls of noise
 h - 3 scrolls of enchant armour
 i - 2 scrolls of fear {unknown}
 j - 2 scrolls of blinking {unknown}
 p - 5 scrolls of magic mapping {unknown}
 t - 2 scrolls of recharging {unknown}
 y - a scroll of fog {unknown}
 B - a scroll of vulnerability {unknown}
 G - 3 scrolls of immolation {unknown}
 I - 4 scrolls of teleportation
Potions
 g - 2 potions of mutation
 n - 4 potions of agility
 o - 2 potions of haste
 r - 7 potions of curing
 s - 2 potions of resistance
 u - a potion of cancellation
 v - 2 potions of lignification
 z - 5 potions of flight
 A - a potion of invisibility {unknown}
 C - 4 potions of brilliance
 D - a potion of ambrosia {unknown}
 L - a potion of berserk rage
Books
 a - a book of Conjurations

   Spells                             Type                      Level
   a - Magic Dart                     Conjuration                  1
   b - Searing Ray                    Conjuration                  2
   c - Dazzling Spray                 Conjuration/Hexes            3
   d - Fulminant Prism                Conjuration/Hexes            4
   e - Force Lance                    Conjuration/Translocation    4
   f - Iskenderun's Mystic Blast      Conjuration                  4
 M - a book of Changes

   Spells                             Type                      Level
   a - Beastly Appendage              Transmutation                1
   b - Sticks to Snakes               Transmutation                2
   c - Spider Form                    Transmutation/Poison         3
   d - Ice Form                       Ice/Transmutation            4
   e - Blade Hands                    Transmutation                5
 O - a book of Minor Magic

   Spells                             Type                      Level
   a - Magic Dart                     Conjuration                  1
   b - Blink                          Translocation                2
   c - Call Imp                       Summoning                    2
   d - Slow                           Hexes                        2
   e - Conjure Flame                  Conjuration/Fire             3
   f - Mephitic Cloud                 Conjuration/Poison/Air       3
Comestibles
 b - 3 bread rations
 k - 4 meat rations
 m - 2 fruits
 w - 21 royal jellies


   Skills:
 + Level 3.4 Fighting
 + Level 1.7 Staves
 + Level 6.3 Dodging
 + Level 4.5 Stealth
 + Level 11.5 Spellcasting
 + Level 12.4 Conjurations
 * Level 6.5 Fire Magic
 * Level 1.0 Poison Magic


You had 23 spell levels left.
You knew the following spells:

 Your Spells              Type           Power        Failure   Level  Hunger
a - Magic Dart            Conj           ####         1%          1    None
b - Iskenderun's Mystic   Conj           ######..     1%          4    #......
c - Flame Tongue          Conj/Fire      #####        1%          1    None
d - Throw Flame           Conj/Fire      ######       1%          2    None
e - Ignite Poison         Fire/Tmut/Pois ####....     1%          3    None


Dungeon Overview and Level Annotations

Branches:
Dungeon (11/15)            Temple (1/1) D:7            Lair (0/6) D:8
    Orc (0/2) D:10

Altars:
Elyvilon
Fedhas
Hepliaklqana
Kikubaaqudgha
Nemelex Xobeh
Qazlal
Ru
Uskayaw
Vehumet
Zin
The Shining One
Beogh

Shops:
D:6 %

Annotations:
D:6 LarsimusPrime's ghost, novice HOFi


Innate Abilities, Weirdness & Mutations

You can breathe blasts of fire.
Your fiery red scales are hard. (AC +8)
You cannot fit into any form of body armour.
Your flesh is heat resistant. (rF+)
You are cold-blooded and may be slowed by cold attacks.


Message History

The manticore claws you.
* * * LOW HITPOINT WARNING * * *
You feel better.
Something hits you but does no damage. x2
The howler monkey hits you. The manticore bites you. The manticore claws you!
* * * LOW HITPOINT WARNING * * *
The manticore claws you but does no damage.
Unknown command.
It was a potion of cancellation.
Your magical effects are unravelling.
You feel magically purged.
You feel less wooden.
Your +2 cloak of magic resistance unmelds from your body.
Your +0 pair of boots unmelds from your body.
You feel resistant to hostile enchantments.
You feel a little less clever now. Something hits you.
* * * LOW HITPOINT WARNING * * *
The howler monkey hoots and howls with incredible vigour!
The manticore bites you!!
You die...

#...........#
#.....#...........#
#...).#...##.....#
#.....#...##)....##
#.....##.. #..)...#
#.....##'###......#
#..........'......#
#..).......#)....##
#......@h..#.....#
#.....##H.##.#####
#.....##..##.##..#
#.....#..........#
#.....#..........#
#.....#..........#
#(....#..........#
#(....#..........#
#(....#.(....##+##


You could see a manticore and a howler monkey.

Vanquished Creatures
  4 two-headed ogres
  The ghost of Shavain the Unseen, a journeyman KoAs of Dithmenos (D:9)
  An unseen horror (D:10)
  The ghost of Satyr the Insei, a novice DsTm of Dithmenos (D:8)
  A necromancer (D:9)
  Maurice (D:9)
  2 gargoyles
  A troll (shapeshifter) (D:9)
  2 queen bees (D:10)
  2 trolls
  Prince Ribbit (D:6)
  Grinder (D:6)
  A hippogriff (D:7)
  Sigmund (D:5)
  A vampire (D:10)
  A wraith (Ossuary)
  Eustachio (D:5)
  4 yaks
  2 wyverns
  A hungry ghost (D:10)
  Edmund (D:5)
  Duvessa (D:4)
  5 ice beasts
  2 sky beasts
  A necrophage (D:8)
  2 black bears
  6 orc warriors
  2 phantoms
  An eye of draining (D:11)
  6 ogres
  2 wolves (D:8)
  5 centaurs
  A crocodile (D:8)
  3 big kobolds
  8 bullfrogs
  Dowan (D:4)
  2 wyvern skeletons (D:9)
  2 scorpions (D:8)
  44 killer bees (D:10)
  4 wights
  5 electric eels (D:8)
  4 howler monkeys
  6 crimson imps
  2 centaur zombies
  A quasit (D:6)
  A jelly (D:8)
  15 hounds
  2 centaur skeletons
  8 orc priests
  Crazy Yiuf (D:2)
  Jessica (D:2)
  7 iguanas
  9 orc wizards
  10 worker ants
  2 hound skeletons
  A mummy (Ossuary)
  9 adders
  7 gnolls
  5 shadow imps
  2 adder skeletons
  2 worms
  2 dart slugs
  7 leopard geckos
  60 orcs
  6 bats
  A giant cockroach (D:3)
  12 hobgoblins
  2 jackals (D:9)
  18 kobolds
  4 quokkas
  3 ball pythons
  6 frilled lizards
  7 gnoll skeletons (Ossuary)
  12 goblins
  8 kobold skeletons (Ossuary)
  A leopard gecko skeleton (D:7)
  10 orc skeletons (Ossuary)
  A quokka skeleton (D:4)
  9 rats
  A fungus (D:2)
  A plant (D:10)
400 creatures vanquished.

Vanquished Creatures (others)
  A human (D:5)
  43 plants (D:10)
44 creatures vanquished.

Grand Total: 444 creatures vanquished

Notes
Turn   | Place    | Note
-------+----------+-------------------------------------------
     0 | D:1      | McKennaii the Draconian Conjurer began the quest for the Orb.
     0 | D:1      | Reached XP level 1. HP: 14/14 MP: 3/3
   285 | D:1      | Reached XP level 2. HP: 13/20 MP: 0/5
  1122 | D:1      | Reached XP level 3. HP: 26/26 MP: 2/6
  1230 | D:2      | Noticed Jessica
  1235 | D:2      | Killed Jessica
  1610 | D:2      | You fall through a shaft!
  1630 | D:3      | Reached skill level 5 in Conjurations
  1742 | D:3      | Reached XP level 4. HP: 14/33 MP: 0/7
  2738 | D:2      | Found a runed door.
  2747 | D:2      | Learned a level 4 spell: Iskenderun's Mystic Blast
  2747 | D:2      | Noticed Crazy Yiuf
  3016 | D:2      | Killed Crazy Yiuf
  3016 | D:2      | Reached XP level 5. HP: 22/38 MP: 5/9
  4583 | D:4      | Reached XP level 6. HP: 40/46 MP: 3/11
  4704 | D:4      | Reached skill level 1 in Fighting
  4704 | D:4      | Reached skill level 6 in Conjurations
  5475 | D:4      | Noticed an ice beast
  5675 | D:4      | Killed an ice beast
  5675 | D:4      | Your scales start taking on a fiery red colour.
  5675 | D:4      | Reached XP level 7. HP: 41/52 MP: 0/13
  5675 | D:4      | Gained mutation: Your flesh is heat resistant. (rF+) [Red Draconian growth]
  5936 | D:4      | Noticed Duvessa
  6164 | D:4      | Killed Duvessa
  6456 | D:4      | Noticed Dowan
  6460 | D:4      | Killed Dowan
  6510 | D:5      | Entered Level 5 of the Dungeon
  6516 | D:5      | Reached skill level 5 in Spellcasting
  6619 | D:5      | Found a sacrificial altar of Ru.
  6631 | D:5      | Noticed Sigmund
  6634 | D:5      | Killed Sigmund
  6634 | D:5      | Reached skill level 7 in Conjurations
  6755 | D:5      | Found a sand-covered staircase.
  6800 | Ossuary  | Entered an ossuary
  6800 | Ossuary  | Noticed a wraith
  6800 | Ossuary  | Noticed a wraith
  6800 | Ossuary  | Noticed a wraith
  6936 | Ossuary  | Reached XP level 8. HP: 61/61 MP: 2/16
  7846 | D:5      | Noticed a two-headed ogre
  8238 | D:5      | Noticed Eustachio
  8257 | D:5      | Killed Eustachio
  8512 | D:5      | Found an ancient bone altar of Kikubaaqudgha.
  8594 | D:5      | Noticed Edmund
  8597 | D:5      | Killed Edmund
  8597 | D:5      | Reached skill level 8 in Conjurations
  8646 | D:5      | Killed a two-headed ogre
  8646 | D:5      | Reached XP level 9. HP: 19/68 MP: 3/20
  9033 | D:6      | Noticed Grinder
  9051 | D:6      | Killed Grinder
  9209 | D:6      | Noticed Prince Ribbit
  9215 | D:6      | Killed Prince Ribbit
  9215 | D:6      | Reached skill level 9 in Conjurations
  9362 | D:6      | Found Caseng's Food Boutique.
  9498 | D:6      | Noticed LarsimusPrime's ghost (novice HOFi)
 11015 | D:7      | Found a staircase to the Ecumenical Temple.
 11023 | Temple   | Entered the Ecumenical Temple
 11059 | Temple   | Became a worshipper of Vehumet
 11158 | D:7      | Reached XP level 10. HP: 77/77 MP: 0/22
 11688 | D:7      | Found a blossoming altar of Fedhas.
 11762 | D:7      | Reached skill level 10 in Conjurations
 12236 | D:8      | Noticed Satyr's ghost (novice DsTm)
 12376 | D:8      | Reached skill level 5 in Dodging
 12465 | D:8      | Noticed a two-headed ogre
 12468 | D:8      | Killed a two-headed ogre
 12763 | D:8      | Reached * piety under Vehumet
 12763 | D:8      | Offered knowledge of Sandblast by Vehumet.
 12999 | D:8      | Found a staircase to the Lair.
 13499 | D:8      | Noticed a two-headed ogre
 13510 | D:8      | Killed a two-headed ogre
 13510 | D:8      | Reached skill level 10 in Spellcasting
 13510 | D:8      | Reached skill level 11 in Conjurations
 13813 | D:8      | Reached skill level 1 in Staves
 14039 | D:8      | Killed Satyr's ghost
 14039 | D:8      | Reached XP level 11. HP: 74/81 MP: 8/25
 14442 | D:9      | Noticed Maurice
 14456 | D:9      | Killed Maurice
 14578 | D:9      | Noticed a deep elf knight
 14802 | D:9      | Noticed a necromancer
 14804 | D:9      | Killed a necromancer
 15021 | D:9      | Found a roughly hewn altar of Beogh.
 15075 | D:9      | Reached ** piety under Vehumet
 15088 | D:9      | Offered knowledge of Flame Tongue by Vehumet.
 15091 | D:9      | Learned a level 1 spell: Flame Tongue
 15546 | D:9      | Found a hide-covered altar of Uskayaw.
 15546 | D:9      | Found a white marble altar of Elyvilon.
 15556 | D:9      | Reached skill level 1 in Fire Magic
 15848 | D:9      | Noticed Shavain's ghost (journeyman KoAs)
 15864 | D:9      | Killed Shavain's ghost
 16033 | D:10     | Entered Level 10 of the Dungeon
 16269 | D:10     | Got a translucent cloak
 16282 | D:10     | Identified the +1 cloak of Meoz Zota {rN+} (You found it on level 10 of the Dungeon)
 16364 | D:10     | Found a staircase to the Orcish Mines.
 16644 | D:10     | Offered knowledge of Throw Flame by Vehumet.
 16686 | D:10     | Learned a level 2 spell: Throw Flame
 16713 | D:10     | Reached skill level 12 in Conjurations
 16719 | D:10     | Reached *** piety under Vehumet
 17051 | D:10     | Killed an unseen horror
 17051 | D:10     | Reached skill level 5 in Fire Magic
 17438 | D:10     | Offered knowledge of Ignite Poison by Vehumet.
 17443 | D:10     | Learned a level 3 spell: Ignite Poison
 17898 | D:10     | Reached XP level 12. HP: 85/88 MP: 18/27
 18392 | D:10     | Reached **** piety under Vehumet
 18543 | D:10     | Noticed a two-headed ogre
 18547 | D:10     | Killed a two-headed ogre
 18565 | D:10     | Offered knowledge of Bolt of Draining by Vehumet.
 18721 | D:11     | Noticed a two-headed ogre
 18977 | D:11     | Reached skill level 1 in Poison Magic
 19023 | D:11     | Slain by a manticore

Skill      XL: |  1  2  3  4  5  6  7  8  9 10 11 12 |
---------------+-------------------------------------+-----
Dodging        | 2 3 4 5 6 |  6.3
Stealth        | 2 3 4 |  4.5
Conjurations   | 5 6 7 8 9 11 12 | 12.4
Spellcasting   | 3 4 5 7 8 10 11 | 11.5
Fighting       | 1 2 3 |  3.4
Staves         | 1 |  1.7
Fire Magic     | 5 6 |  6.5
Poison Magic   | 1 |  1.0

Action                   |  1- 3 |  4- 6 |  7- 9 | 10-12 || total
-------------------------+-------+-------+-------+-------++-------
Melee: Unarmed           |    22 |    67 |    49 |       ||   138
       Tailslap          |     2 |    17 |     5 |     8 ||    32
       Staff             |       |       |       |    81 ||    81
 Cast: Magic Dart        |    77 |   178 |   394 |   347 ||   996
       Iskenderun's Myst |       |     7 |    27 |   123 ||   157
       Flame Tongue      |       |       |       |   167 ||   167
       Throw Flame       |       |       |       |    76 ||    76
 Abil: Breathe Fire      |       |       |    12 |    20 ||    32
  Use: Potion            |       |     2 |     4 |     6 ||    12
       Scroll            |       |     1 |       |     8 ||     9
  Eat: Chunk             |     3 |    12 |    12 |    24 ||    51
       Fruit             |     1 |       |       |     2 ||     3
       Royal jelly       |       |     1 |       |     1 ||     2
       Meat ration       |       |       |     2 |       ||     2
       Bread ration      |       |       |       |     1 ||     1
Armor: Skin              |     6 |    31 |    45 |   175 ||   257
Dodge: Dodged            |    27 |    66 |   121 |   376 ||   590
